 Dungeon Crawl Stone Soup version 0.32-a0-738-g1a05c61809 (webtiles) character file.

Game seed: 4747983590283577434

10647 Bamboolord the Frost Mage (level 11, -5/73 (83) HPs)
             Began as a Gnoll Ice Elementalist on Mar 17, 2024.
             Was a Priest of Sif Muna.
             Killed from afar by a laughing skull (15 damage)
             ... with a bolt of negative energy
             ... on level 11 of the Dungeon.
             The game lasted 00:33:41 (11014 turns).

Bamboolord the Frost Mage (Gnoll Ice Elementalist) Turns: 11014, Time: 00:33:42

HP:   -5/73 (83)    AC:  9    Str: 11    XL:     11   Next: 65%
MP:   17/23         EV: 14    Int: 18    God:    Sif Muna [***...]
Gold: 665           SH:  0    Dex: 13    Spells: 12/27 levels left

rFire   x . .        H - +0 scimitar (flame)
rCold   + + .        (no shield)
rNeg    . . .        C - +2 leather armour {rC+}
rPois   .            (no helmet)
rElec   +            I - +0 cloak
rCorr   +            v - +0 pair of gloves
SInv    .            E - +0 pair of boots
Will    +....        A - amulet of regeneration
Stlth   +++          h - ring of Govekk {Ice rElec Will+ rCorr Str-3}
HPRegen 1.12/turn    G - +6 ring of strength
MPRegen 0.18/turn

%: no passive effects
@: about to teleport, freezing walls, heavily drained
A: fangs 1, strong nose, distributed training
a: Renounce Religion, Channel Magic, Forget Spell


You were on level 11 of the Dungeon.
You worshipped Sif Muna.
Sif Muna was most pleased with you.
You visited 2 branches of the dungeon, and saw 12 of its levels.
You also visited: Sewer and Ossuary.

You collected 665 gold pieces.

Inventory:

Hand Weapons
 H - a +0 scimitar of flaming (weapon)
 K - a +1 mace of holy wrath
 L - a -1 demon whip of venom
Missiles
 c - 115 stones
 j - 40 poisoned darts
 N - a curare-tipped dart
Armour
 r - +0 acid dragon scales
 s - a +0 kite shield
 v - a +0 pair of gloves (worn)
 C - a +2 leather armour of cold resistance (worn)
 E - a +0 pair of boots (worn)
 I - a +0 cloak (worn)
Magical Staves
 e - a staff of alchemy
Jewellery
 h - the ring of Govekk (left hand) {Ice rElec Will+ rCorr Str-3}
   (You found it on level 3 of the Dungeon)

   [ring of ice]

   Ice:       It enhances your ice magic.
   Str-3:     It affects your strength (-3).
   rF-:       It makes you vulnerable to fire.
   rC+:       It protects you from cold.
   rElec:     It insulates you from electricity.
   Will+:     It increases your willpower.
   rCorr:     It protects you from acid and corrosion.
 A - an amulet of regeneration (around neck)
 G - a +6 ring of strength (right hand)
 P - a ring of wizardry
Talismans
 a - a blade talisman
 F - a serpent talisman
Wands
 z - a wand of roots (22)
 Q - a wand of digging (5)
Scrolls
 d - 2 scrolls of noise
 i - 6 scrolls of teleportation
 o - a scroll of fog {unknown}
 p - a scroll of amnesia
 q - a scroll of immolation {unknown}
 u - 2 scrolls of enchant weapon {unknown}
 x - 2 scrolls of revelation {unknown}
 y - a scroll of enchant armour {unknown}
 D - a scroll of poison {unknown}
 J - a scroll of brand weapon {unknown}
 R - a scroll of blinking {unknown}
Potions
 b - 4 potions of magic
 f - a potion of resistance
 g - a potion of degeneration {unknown}
 k - 3 potions of curing
 l - 2 potions of berserk rage {unknown}
 m - 3 potions of heal wounds
 n - 3 potions of enlightenment
 t - 4 potions of might
 w - a potion of attraction {unknown}
 B - a potion of haste {unknown}
 M - a potion of brilliance {unknown}


   Skills:
 + Level 6.7 Fighting
 + Level 6.7 Short Blades
 + Level 6.7 Long Blades
 + Level 6.7 Axes
 + Level 6.7 Maces & Flails
 + Level 6.7 Polearms
 + Level 6.7 Staves
 + Level 6.7 Ranged Weapons
 + Level 6.7 Throwing
 + Level 6.7 Armour
 + Level 8.2 Dodging
 + Level 8.0 Stealth
 + Level 6.7 Shields
 + Level 6.7 Unarmed Combat
 + Level 8.5 Spellcasting
 + Level 5.6 Conjurations
 + Level 5.6 Hexes
 + Level 5.6 Summonings
 + Level 5.6 Necromancy
 + Level 5.6 Translocations
 + Level 5.6 Fire Magic
 + Level 9.1 Ice Magic
 + Level 5.6 Air Magic
 + Level 5.6 Earth Magic
 + Level 5.6 Alchemy
 + Level 7.4 Invocations
 + Level 6.7 Evocations
 + Level 6.1 Shapeshifting


You had 12 spell levels left.
You knew the following spells:

 Your Spells              Type           Power      Damage    Failure   Level
a - Freeze                Ice            100%       1d10      1%          1
b - Frozen Ramparts       Ice            100%       1d16      1%          3
c - Ozocubu's Armour      Ice            57%        N/A       1%          3
d - Summon Ice Beast      Ice/Summ       50%        N/A       1%          3
e - Ensorcelled Hibernat  Hex/Ice        100%       N/A       1%          2
f - Swiftness             Air            27%        N/A       3%          3

Your spell library contained the following spells:

 Spells                   Type           Power      Damage    Failure   Level
 Shock                    Conj/Air       100%       1d9       1%          1
 Fugue of the Fallen      Necr           27%        N/A       3%          3
 Airstrike                Air            13%        2d(2-18)  12%         4
 Anguish                  Hex/Necr       13%        N/A       12%         4
 Metabolic Englaciation   Hex/Ice        25%        N/A       16%         5


Dungeon Overview and Level Annotations

Branches:
Dungeon (11/15)            Temple (1/1) D:6             Orc (0/2) D:10
  Sewer (visited)         Ossuary (visited)
   Lair: D:8-11

Altars:
Ashenzari
Cheibriados
Dithmenos
Elyvilon
Fedhas
Gozag
Hepliaklqana
Kikubaaqudgha
Makhleb
Nemelex Xobeh
Okawaru
Qazlal
Ru
Sif Muna
Trog
Uskayaw
Vehumet
Wu Jian
Xom
Yredelemnul
Zin
The Shining One
Beogh

Annotations:
D:3 1 runed translucent door, mn3067's ghost, amateur DjAE
D:9 3 runed translucent doors, exclusions: door and 1 more exclusion, kosmolit's ghost, novice MiBe
D:10 Urug


Innate Abilities, Weirdness & Mutations

You have very sharp teeth.
Your uncanny sense of smell can sniff out nearby items.
Your experience applies equally to all skills.


Message History

A shadow comes into view.
Your ice beast hits the centaur warrior skeleton.
Your ice beast freezes the centaur warrior skeleton.
The centaur warrior skeleton resists.
As you read the scroll of teleportation, it crumbles to dust.
You feel strangely unstable.
The wall freezes the laughing skull!
The laughing skull lets out a vicious peal of laugher.
The bolt of negative energy hits you!!
You feel drained.
* * * LOW HITPOINT WARNING * * *
The laughing skull gibbers with scorn.
The bolt of negative energy hits the centaur warrior skeleton.
The centaur warrior skeleton completely resists.
The bolt of negative energy hits your ice beast!!
Your ice beast is drained!
Your ice beast dies!
Your ice beast disappears in a puff of smoke!
The bolt of negative energy misses the laughing skull.
The bolt of negative energy misses you.
The centaur warrior skeleton resists.
The wall freezes the centaur warrior skeleton.
A centaur warrior zombie comes into view.
The centaur warrior zombie completely resists.
The wall freezes the centaur warrior zombie but does no damage.
The centaur warrior zombie misses you.
The centaur warrior zombie kicks you but does no damage.
The centaur warrior skeleton resists.
The wall freezes the centaur warrior skeleton.
The centaur warrior skeleton completely resists.
The wall freezes the centaur warrior skeleton but does no damage.
The wall freezes the laughing skull but does no damage.
The laughing skull headbutts you but does no damage.
The laughing skull cackles spitefully.
The bolt of negative energy hits the centaur warrior skeleton.
The centaur warrior skeleton completely resists.
The bolt of negative energy hits the centaur warrior skeleton.
The centaur warrior skeleton completely resists.
The bolt of negative energy hits the laughing skull.
The laughing skull completely resists.
The bolt of negative energy hits you!
You feel drained.
You die...
The laughing skull crumbles to pieces from sheer joy.

#.(....$#.#
#.......#.#
#.......#.#
#..#....#.#
#..#....#.# ∆#
#..#......#
W#z#.###..#......#
..WzZZZ...##.....#
).zpZZz@..##.....#
.#[#Z###..##.....#
∆ #..##.....#
#..##.....#
#..##.....#
#...#.....#
###..)......#
#...####.#..#
#...# #....#


You could see a necromancer, a wraith, a shadow, 2 laughing skulls, 2 wights, 2
centaur warrior zombies, 3 centaur warrior skeletons and a howler monkey
skeleton.

Vanquished Creatures
  2 centaur warriors
  Erica (D:8)
  A two-headed ogre (D:10)
  Amaemon (D:9)
  Pikel (D:5)
  A shadow (D:10)
  A wyvern (D:9)
  A steam dragon (D:8)
  An acid dragon (D:11)
  3 water moccasins
  3 orc warriors
  Duvessa (D:5)
  2 ice beasts
  4 centaurs
  3 lemures (D:5)
  3 phantoms (D:6)
  2 kobold brigands
  An elf zombie (Ossuary)
  6 bullfrogs
  A burial acolyte (Ossuary)
  12 wights
  Dowan (D:5)
  5 killer bees
  2 bombardier beetles (D:3)
  4 hounds
  4 orc priests
  A sleepcap (D:7)
  2 iguanas (D:5)
  9 orc wizards
  2 mummies
  12 adders
  9 gnolls
  A shadow imp (D:7)
  A white imp (D:7)
  2 ufetubi (D:7)
  5 dart slugs
  A ribbon worm (D:3)
  64 orcs
  9 ball pythons
  3 bats
  4 endoplasms
  6 giant cockroaches
  A gnoll zombie (Ossuary)
  4 goblins
  5 hobgoblins
  2 jackals (Sewer)
  15 kobolds
  5 quokkas
  A frilled lizard (D:3)
  10 rats
241 creatures vanquished.

Vanquished Creatures (collateral kills)
  2 two-headed ogres
  An orange demon (D:9)
  A hornet (D:9)
  Grinder (D:5)
  A water moccasin (D:8)
  An acid dragon (D:10)
  An orc warrior (D:10)
  An elf zombie (Ossuary)
  A weeping skull (Ossuary)
  3 kobold brigands
  A gnoll sergeant (D:9)
  2 wights
  A killer bee (D:10)
  A hound zombie (Ossuary)
  A mummy (Ossuary)
  A howler monkey zombie (Ossuary)
  3 gnolls (D:9)
  3 orcs
  3 kobolds (D:9)
29 creatures vanquished.

Vanquished Creatures (others)
  An acid dragon (D:9)
1 creature vanquished.

Grand Total: 271 creatures vanquished

Notes
Turn   | Place    | Note
-------+----------+-------------------------------------------
     0 | D:1      | Bamboolord the Gnoll Ice Elementalist began the quest for
                  | the Orb.
     0 | D:1      | Reached XP level 1. HP: 13/13 MP: 6/6
   275 | D:1      | Reached XP level 2. HP: 9/19 MP: 1/7
   492 | D:1      | Found a faded altar of an unknown god.
   925 | D:2      | Reached skill level 5 in Spellcasting
   925 | D:2      | Reached XP level 3. HP: 25/25 MP: 5/9
   939 | D:2      | Reached skill level 1 in Invocations
   956 | D:2      | Learned a level 3 spell: Frozen Ramparts
   960 | D:2      | Learned a level 3 spell: Ozocubu's Armour
  1045 | D:1      | Reached skill level 1 in Fighting
  1045 | D:1      | Reached skill level 1 in Short Blades
  1045 | D:1      | Reached skill level 1 in Long Blades
  1045 | D:1      | Reached skill level 1 in Axes
  1045 | D:1      | Reached skill level 1 in Maces & Flails
  1045 | D:1      | Reached skill level 1 in Polearms
  1045 | D:1      | Reached skill level 1 in Staves
  1045 | D:1      | Reached skill level 1 in Ranged Weapons
  1045 | D:1      | Reached skill level 1 in Throwing
  1045 | D:1      | Reached skill level 1 in Armour
  1045 | D:1      | Reached skill level 1 in Shields
  1045 | D:1      | Reached skill level 1 in Unarmed Combat
  1045 | D:1      | Reached skill level 1 in Evocations
  1048 | D:1      | Reached skill level 1 in Shapeshifting
  1048 | D:1      | Reached XP level 4. HP: 21/32 MP: 4/11
  1263 | D:2      | Reached skill level 1 in Conjurations
  1263 | D:2      | Reached skill level 1 in Hexes
  1263 | D:2      | Reached skill level 1 in Summonings
  1263 | D:2      | Reached skill level 1 in Necromancy
  1263 | D:2      | Reached skill level 1 in Translocations
  1263 | D:2      | Reached skill level 1 in Fire Magic
  1263 | D:2      | Reached skill level 1 in Air Magic
  1263 | D:2      | Reached skill level 1 in Earth Magic
  1263 | D:2      | Reached skill level 1 in Alchemy
  1411 | D:2      | Found a hazy altar of Hepliaklqana.
  1730 | D:2      | Reached XP level 5. HP: 37/37 MP: 9/12
  1912 | D:3      | Identified the ring of Govekk {Ice rElec Will+ rCorr Str-3}
  2095 | D:3      | Found a glowing drain.
  2115 | Sewer    | Entered a sewer
  2132 | Sewer    | Learned a level 3 spell: Summon Ice Beast
  2227 | Sewer    | Noticed a kobold brigand
  2237 | Sewer    | Killed a kobold brigand
  2238 | Sewer    | Reached skill level 5 in Dodging
  2238 | Sewer    | Reached XP level 6. HP: 24/44 MP: 0/14
  2350 | Sewer    | Found a white marble altar of Elyvilon.
  2458 | D:3      | Found a runed translucent door.
  2463 | D:3      | Noticed mn3067's ghost (amateur DjAE)
  2677 | D:3      | Found a radiant altar of Vehumet.
  3282 | D:4      | Found a sand-covered staircase.
  3297 | Ossuary  | Entered an ossuary
  3297 | Ossuary  | Found a huge runed translucent gate.
  3297 | Ossuary  | Found a huge runed translucent gate.
  3297 | Ossuary  | Found a huge runed translucent gate.
  3297 | Ossuary  | Found a huge runed translucent gate.
  3297 | Ossuary  | Found a huge runed translucent gate.
  3297 | Ossuary  | Found a huge runed translucent gate.
  3297 | Ossuary  | Found a huge runed translucent gate.
  3297 | Ossuary  | Found a huge runed translucent gate.
  3297 | Ossuary  | Found a huge runed translucent gate.
  3328 | Ossuary  | Found a huge runed translucent gate.
  3328 | Ossuary  | Found a huge runed translucent gate.
  3329 | Ossuary  | Found a huge runed translucent gate.
  3329 | Ossuary  | Found a huge runed translucent gate.
  3331 | Ossuary  | Found a huge runed translucent gate.
  3331 | Ossuary  | Found a huge runed translucent gate.
  3357 | Ossuary  | Reached XP level 7. HP: 29/51 MP: 6/15
  3386 | Ossuary  | Found a huge runed translucent gate.
  3386 | Ossuary  | Found a huge runed translucent gate.
  3386 | Ossuary  | Found a huge runed translucent gate.
  3386 | Ossuary  | Found a huge runed translucent gate.
  3386 | Ossuary  | Found a huge runed translucent gate.
  3415 | Ossuary  | Found a huge runed translucent gate.
  3415 | Ossuary  | Found a huge runed translucent gate.
  3417 | Ossuary  | Found a huge runed translucent gate.
  3417 | Ossuary  | Found a huge runed translucent gate.
  3418 | Ossuary  | Found a huge runed translucent gate.
  3418 | Ossuary  | Found a huge runed translucent gate.
  3419 | Ossuary  | Found a huge runed translucent gate.
  3419 | Ossuary  | Found a huge runed translucent gate.
  3449 | Ossuary  | Found a huge runed translucent gate.
  3449 | Ossuary  | Found a huge runed translucent gate.
  3467 | Ossuary  | Found a huge runed translucent gate.
  3467 | Ossuary  | Found a huge runed translucent gate.
  3467 | Ossuary  | Found a huge runed translucent gate.
  3467 | Ossuary  | Found a huge runed translucent gate.
  3469 | Ossuary  | Found a huge runed translucent gate.
  3492 | Ossuary  | Reached skill level 5 in Stealth
  4354 | D:5      | Entered Level 5 of the Dungeon
  4458 | D:5      | Noticed Dowan
  4487 | D:5      | Reached XP level 8. HP: 20/58 MP: 5/16
  4499 | D:5      | HP: 2/58 [orc priest/nerve-wracking pain (14)]
  4676 | D:5      | Noticed Duvessa
  4690 | D:5      | Killed Duvessa
  4697 | D:5      | Killed Dowan
  4837 | D:5      | Noticed Pikel
  4981 | D:5      | Killed Pikel
  4982 | D:5      | Reached XP level 9. HP: 57/65 MP: 4/18
  5131 | D:5      | Noticed Grinder
  5140 | D:5      | Learned a level 2 spell: Ensorcelled Hibernation
  5156 | D:5      | Paralysed by Grinder for 3 turns
  5157 | D:5      | Killed Grinder
  5158 | D:5      | Reached skill level 8 in Ice Magic
  5575 | D:6      | Found a staircase to the Ecumenical Temple.
  5584 | Temple   | Entered the Ecumenical Temple
  5593 | Temple   | Became a worshipper of Sif Muna the Loreminder
  5772 | D:6      | Identified the +5 hand axe "Cemn" {heavy, rPois rC+ Int+4}
  6581 | D:6      | Reached skill level 5 in Invocations
  6790 | D:6      | Found a burning altar of Makhleb.
  7337 | D:7      | Found a bloodstained altar of Trog.
  7790 | D:8      | Noticed a two-headed ogre
  7800 | D:8      | Killed a two-headed ogre
  7801 | D:8      | Reached skill level 5 in Fighting
  7801 | D:8      | Reached skill level 5 in Short Blades
  7801 | D:8      | Reached skill level 5 in Long Blades
  7801 | D:8      | Reached skill level 5 in Axes
  7801 | D:8      | Reached skill level 5 in Maces & Flails
  7801 | D:8      | Reached skill level 5 in Polearms
  7801 | D:8      | Reached skill level 5 in Staves
  7801 | D:8      | Reached skill level 5 in Ranged Weapons
  7801 | D:8      | Reached skill level 5 in Throwing
  7801 | D:8      | Reached skill level 5 in Armour
  7801 | D:8      | Reached skill level 5 in Shields
  7801 | D:8      | Reached skill level 5 in Unarmed Combat
  7801 | D:8      | Reached skill level 5 in Evocations
  7801 | D:8      | Reached XP level 10. HP: 29/74 MP: 11/20
  7806 | D:8      | Reached * piety under Sif Muna
  7907 | D:8      | Noticed a centaur warrior
  8095 | D:8      | Noticed Erica
  8111 | D:8      | Killed Erica
  8159 | D:8      | Reached skill level 5 in Shapeshifting
  8444 | D:8      | Killed a centaur warrior
  9040 | D:9      | Reached ** piety under Sif Muna
  9056 | D:9      | Noticed Amaemon
  9056 | D:9      | Noticed an orange demon
  9065 | D:9      | Killed an orange demon
  9066 | D:9      | Reached skill level 5 in Conjurations
  9066 | D:9      | Reached skill level 5 in Hexes
  9066 | D:9      | Reached skill level 5 in Summonings
  9066 | D:9      | Reached skill level 5 in Necromancy
  9066 | D:9      | Reached skill level 5 in Translocations
  9066 | D:9      | Reached skill level 5 in Fire Magic
  9066 | D:9      | Reached skill level 5 in Air Magic
  9066 | D:9      | Reached skill level 5 in Earth Magic
  9066 | D:9      | Reached skill level 5 in Alchemy
  9066 | D:9      | Reached XP level 11. HP: 72/81 MP: 11/22
  9074 | D:9      | Killed Amaemon
  9227 | D:9      | Noticed kosmolit's ghost (novice MiBe)
  9266 | D:9      | Found a runed translucent gate.
  9266 | D:9      | Found a runed translucent gate.
  9266 | D:9      | Found a runed translucent gate.
  9286 | D:9      | Found a roughly hewn altar of Beogh.
  9579 | D:9      | Reached *** piety under Sif Muna
  9593 | D:9      | Reached skill level 9 in Ice Magic
  9710 | D:9      | Noticed a catoblepas
  9965 | D:10     | Entered Level 10 of the Dungeon
  9965 | D:10     | Found a staircase to the Orcish Mines.
  9966 | D:10     | Noticed Urug
 10250 | D:10     | Learned a level 3 spell: Swiftness
 10471 | D:10     | Noticed a two-headed ogre
 10482 | D:10     | Killed a two-headed ogre
 10595 | D:10     | Noticed a two-headed ogre
 10609 | D:10     | Killed a two-headed ogre
 10743 | D:10     | Found a glowing golden altar of the Shining One.
 10882 | D:11     | Noticed a centaur warrior
 10937 | D:11     | Killed a centaur warrior
 11011 | D:11     | Noticed a necromancer
 11014 | D:11     | Killed from afar by a laughing skull

Illustrated notes

Levels and vault maps discovered:
D:1:      dpeg_arrival_arbitrary_b, layout_loops_ring,
          chequers_ecumenical_altar_simple_redux, minmay_worlds_worst_comb
D:2:      layout_loops_ring, basic_altar
D:3:      layout_basic, nicolae_vehumet_radiance, ebering_ghost_reflecting_pool,
          gup_sewer_entry_pipe
D:4:      layout_loops_cross, gup_ossuary_entry_pyramid
D:5:      layout_rooms, uniq_grinder, uniq_duvessa, uniq_pikel
D:6:      layout_layer_cave, makhleb_blood_cavern_becter,
          minmay_temple_entry_poolview, serial_rivers,
          chequers_serial_rivers_room_b, chequers_serial_rivers_micro_c,
          chequers_serial_rivers_room_b, chequers_serial_rivers_micro_a,
          chequers_serial_rivers_small_a, kennysheep_donut,
          chequers_serial_rivers_large_b, minmay_fountain_box
D:7:      layout_gridville, kennysheep_mini_moat, grunt_decor_junction
D:8:      minmay_opposing_rooms, layout_loops_ring, uniq_erica
D:9:      layout_roguey [special_room_orc], gammafunk_ghost_split, uniq_amaemon
D:10:     layout_long_grid, mainiacjoe_overflow_paths, david_orc_2, uniq_urug
D:11:     hangedman_screamer, layout_stronghold, dpeg_oklobed_lair
Temple:   compressed_dpeg_circular_temple

Skill      XL: |  1  2  3  4  5  6  7  8  9 10 11 |
---------------+----------------------------------+-----
Spellcasting   | 5 6 7 8 |  8.5
Invocations    | 1 2 3 4 5 6 7 |  7.4
Fighting       | 1 2 3 4 5 6 |  6.7
Short Blades   | 1 2 3 4 5 6 |  6.7
Long Blades    | 1 2 3 4 5 6 |  6.7
Axes           | 1 2 3 4 5 6 |  6.7
Maces & Flails | 1 2 3 4 5 6 |  6.7
Polearms       | 1 2 3 4 5 6 |  6.7
Staves         | 1 2 3 4 5 6 |  6.7
Ranged Weapons | 1 2 3 4 5 6 |  6.7
Throwing       | 1 2 3 4 5 6 |  6.7
Armour         | 1 2 3 4 5 6 |  6.7
Shields        | 1 2 3 4 5 6 |  6.7
Unarmed Combat | 1 2 3 4 5 6 |  6.7
Evocations     | 1 2 3 4 5 6 |  6.7
Shapeshifting  | 1 2 3 4 5 6 |  6.1
Conjurations   | 1 2 3 4 5 |  5.6
Hexes          | 1 2 3 4 5 |  5.6
Summonings     | 1 2 3 4 5 |  5.6
Necromancy     | 1 2 3 4 5 |  5.6
Translocations | 1 2 3 4 5 |  5.6
Fire Magic     | 1 2 3 4 5 |  5.6
Air Magic      | 1 2 3 4 5 |  5.6
Earth Magic    | 1 2 3 4 5 |  5.6
Alchemy        | 1 2 3 4 5 |  5.6
Dodging        | 5 6 7 8 |  8.2
Stealth        | 5 6 7 8 |  8.0
Ice Magic      | 8 9 |  9.1

Action                     |  1- 3 |  4- 6 |  7- 9 | 10-12 || total
---------------------------+-------+-------+-------+-------++-------
  Melee: Unarmed           |     4 |     4 |       |       ||     8
         Dagger            |       |    14 |       |       ||    14
         Bite              |       |     6 |    25 |    31 ||    62
         Rapier            |       |    16 |    80 |       ||    96
         Whip              |       |       |   157 |    29 ||   186
         Scimitar          |       |       |       |   196 ||   196
  Throw: Dart              |       |     6 |    11 |       ||    17
         Stone             |       |       |     3 |       ||     3
   Cast: Freeze            |    39 |    93 |    51 |    10 ||   193
         Summon Ice Beast  |       |     2 |    10 |    20 ||    32
         Frozen Ramparts   |       |     1 |    11 |    23 ||    35
         Ozocubu's Armour  |       |     1 |     8 |    12 ||    21
         Ensorcelled Hiber |       |       |       |    10 ||    10
    Use: Scroll            |       |     5 |     1 |     9 ||    15
         Potion            |       |     4 |     1 |     2 ||     7
   Stab: Sleeping          |       |       |     8 |     4 ||    12
         Distracted        |       |       |       |     2 ||     2
 Armour: Robe              |    13 |    66 |    91 |       ||   170
         Leather armour    |       |       |    96 |   267 ||   363
  Dodge: Dodged            |    21 |    66 |   169 |   280 ||   536

Table legend: (Time is in decaauts)
 A = Elapsed time spent in this place.
 B = Non-inter-level travel time spent in this place.
 C = Inter-level travel time spent in this place.
 D = Time resting spent in this place.
 E = Time spent auto-exploring this place.
 F = Levels seen in this place.
 G = Mean time per level.
                   A        B        C        D        E       F      G
               +--------+--------+--------+--------+--------+-----+--------+
         Total |  11065 |  10752 |    313 |   1447 |   6808 |  14 |  790.4 |
       Dungeon |  10468 |  10155 |    313 |   1230 |   6674 |  11 |  951.6 |
        Temple |     18 |     18 |      0 |      0 |      0 |   1 |   18.0 |
         Sewer |    296 |    296 |      0 |    107 |    134 |   1 |  296.0 |
       Ossuary |    281 |    281 |      0 |    110 |      0 |   1 |  281.0 |
               +--------+--------+--------+--------+--------+-----+--------+

Top non-repeatable levels by time:
     D:6: 1898 daAuts
     D:8: 1189 daAuts
     D:3: 1068 daAuts
     D:9: 998 daAuts
     D:1: 982 daAuts
     D:5: 944 daAuts
    D:10: 921 daAuts
     D:2: 905 daAuts
     D:4: 850 daAuts
     D:7: 576 daAuts
   Sewer: 296 daAuts
 Ossuary: 281 daAuts
    D:11: 132 daAuts
  Temple: 18 daAuts
